 Dungeon Crawl Stone Soup version 0.17-b1-16-g38e0902 (webtiles) character file.

20897 DarkTechnomancer the Cleaver (level 12, 21/118 HPs)
             Began as a Deep Dwarf Fighter on Nov 3, 2015.
             Was an Elder of Trog.
             Quit the game on level 1 of the Abyss.
             The game lasted 01:21:43 (11773 turns).

DarkTechnomancer the Cleaver (Deep Dwarf Fighter)  Turns: 11773, Time: 01:21:43

Health: 21/118     AC: 30    Str: 24    XL:     12   Next: 49%
Magic:  8/8        EV:  3    Int: 10    God:    Trog [****..]
Gold:   467        SH: 11    Dex: 12    Spells: 0 memorised, 11 levels left

rFire  . . .     SeeInvis .     i - +1 war axe (elec)
rCold  + . .     Clarity  .     P - +2 crystal plate armour
rNeg   + . .     SustAt   .     k - +2 shield
rPois  .         Gourm    .     B - +2 helmet
rElec  .         Spirit   .     (no cloak)
rCorr  .         Warding  .     Q - +0 pair of gloves
rMut   +         Stasis   .     N - +0 pair of boots
MR     +++..                    A - amulet of resist mutation
Stlth  ..........               J - ring of positive energy
                                G - ring of protection from cold

@: lethally poisoned (21 -> -49), non-regenerating, extremely resistant to
hostile enchantments, extremely unstealthy
A: damage resistance, recharge devices, sense surroundings 2, slow regeneration
3
a: Device Recharging, Berserk, Trog's Hand, Brothers in Arms, Burn Spellbooks,
Renounce Religion


You were on level 1 of the Abyss.
You worshipped Trog.
Trog was greatly pleased with you.
You were not hungry.

You visited 4 branches of the dungeon, and saw 15 of its levels.
You visited the Abyss 1 time.

You collected 1663 gold pieces.
You spent 1196 gold pieces at shops.

Inventory:

Hand Weapons
 i - a +1 war axe of electrocution (weapon)
 K - a +2 great mace of protection
Missiles
 b - a throwing net (quivered)
Armour
 k - a +2 shield (worn)
 y - a +4 ring mail
 B - a +2 helmet (worn)
 N - a +0 pair of boots (worn)
 P - a +2 crystal plate armour (worn)
 Q - a +0 pair of gloves (worn)
Magical Staves
 H - a cursed staff of earth {unknown}
Jewellery
 m - an uncursed amulet of clarity
 o - an uncursed ring of magical power
 A - an amulet of resist mutation (around neck)
 D - an uncursed amulet of stasis
 F - an uncursed ring of ice
 G - a ring of protection from cold (left hand)
 J - a ring of positive energy (right hand)
Wands
 e - a wand of heal wounds (4)
 l - a wand of flame (30)
 s - a wand of lightning (0)
 C - a wand of heal wounds (0)
 S - a wand of draining (8)
Scrolls
 g - 5 scrolls of teleportation
 h - a scroll of fear
 n - 7 scrolls of identify
 p - 2 scrolls of enchant armour
 w - 5 scrolls of remove curse
 z - a scroll of blinking {unknown}
 E - 2 scrolls of recharging
 O - a scroll of enchant weapon
 T - a scroll of vulnerability {unknown}
Potions
 a - a potion of ambrosia
 d - 4 potions of might
 q - 2 potions of heal wounds
 t - 3 potions of flight
 u - 2 potions of berserk rage
 v - 2 potions of cancellation
 I - 2 potions of agility
 M - a potion of haste
 R - 3 potions of brilliance
Books
 L - a book of Changes

   Spells                             Type                      Level
   a - Beastly Appendage              Transmutation                1
   b - Sticks to Snakes               Transmutation                2
   c - Spider Form                    Transmutation/Poison         3
   d - Ice Form                       Ice/Transmutation            4
   e - Blade Hands                    Transmutation                5
   Trog disapproves of the use of such an item.
Comestibles
 c - a royal jelly
 f - 2 bread rations
 j - 9 fruits
 r - 3 beef jerkies
 x - 8 meat rations


   Skills:
 * Level 10.6 Fighting
 * Level 12.3 Axes
 * Level 12.3 Armour
 - Level 3.2 Shields
 + Level 10.5 Evocations


You had 11 spell levels left.
You didn't know any spells.

Dungeon Overview and Level Annotations

Branches:
Dungeon (10/15)            Temple (1/1) D:4            Lair (1/8) D:8
    Orc (3/4) D:10            Elf (0/3) Orc:3

Altars:
Ashenzari
Cheibriados
Elyvilon
Fedhas
Gozag
Kikubaaqudgha
Makhleb
Nemelex Xobeh
Okawaru
Qazlal
Ru
Trog
Vehumet
Xom
Yredelemnul
Zin
The Shining One
Beogh

Shops:
D:8 [   Orc:1 (:   Orc:3 }

Annotations:
Orc:2 Sonja


Innate Abilities, Weirdness & Mutations

You are resistant to damage.
You can recharge devices by infusing magical energy.
You passively map the area around you.
You do not regenerate naturally.


Message History

You are engulfed in poison gas.
You are more poisoned.
* * * LOW HITPOINT WARNING * * *
You feel extremely sick. You block the green death's attack.
The neqoxec shouts!
You hit the green death.
The green death is lightly wounded.
You are engulfed in poison gas.
You are more poisoned.
* * * LOW HITPOINT WARNING * * *
x2 You feel extremely sick.
The green death gestures at you. The blast of poison engulfs you!
You are more poisoned.
Quiver which item? (- for none, * to show all) (? for menu, Esc to quit)
Okay, then.
Quiver which item? (- for none, * to show all) (? for menu, Esc to quit)
Okay, then.
Are you sure you want to abandon this character and quit the game? (Confirm with "yes".)

.5# ####... .
#..#... .# #...
.#####.# #.
...#..#..§...#
#......#.#.. # . .
#§#5# 2 .. . ##
#§§#§§##.##... . ##.
#§##§@2.....# # #.
#..#..§.§§#####...
.. ## # ..3.#§.#§#.
# . # .......#§.#§
##
.#...##.##..##§###.#
# #.##.. .#...##...#
. ## . ####..##.# ♣#
♣♣♣♣# #.##.#.#.#####
. . . # #)#... ....#


You could see a green death, a neqoxec and an iron imp.

Vanquished Creatures
  Rupert (Orc:3)
  Donald (Orc:3)
  An eidolon (Abyss:1)
  Fannar (Orc:1)
  Harold (Orc:3)
  A rakshasa (D:10)
  Nergalle (Orc:1)
  An unseen horror (D:10)
  3 hill giants (D:10)
  Pikel (D:7)
  2 spiny frogs (Lair:1)
  A komodo dragon (Lair:1)
  2 trolls
  A two-headed ogre (D:8)
  Grinder (D:3)
  9 yaks
  2 large abominations (Abyss:1)
  A hungry ghost (D:9)
  A wyvern (D:10)
  A spriggan (D:9)
  3 golden eyes (Abyss:1)
  A wraith (Abyss:1)
  2 hippogriffs
  A basilisk (Lair:1)
  A chaos spawn (Abyss:1)
  Menkaure (D:7)
  A warg (Orc:3)
  2 water moccasins (D:10)
  Duvessa (D:5)
  7 orc warriors
  3 sky beasts
  2 slaves (D:7)
  A black bear (D:7)
  An eye of draining (D:10)
  2 phantoms
  A necrophage (D:10)
  3 ice beasts
  4 ogres
  A crocodile (Lair:1)
  7 centaurs
  Dowan (D:5)
  3 giant frogs
  3 scorpions
  A snapping turtle simulacrum (Abyss:1)
  7 killer bees
  2 giant frog zombies
  A quasit (Abyss:1)
  2 crimson imps (D:9)
  6 starcursed masses (Abyss:1)
  5 jellies
  17 orc wizards
  19 orc priests
  2 centaur skeletons
  2 giant frog skeletons
  2 hounds
  Terence (D:2)
  6 iguanas
  12 worker ants
  A hound skeleton (D:9)
  2 worker ant zombies
  18 river rats (Lair:1)
  6 adders
  5 gnolls
  4 shadow imps
  An ufetubus (Abyss:1)
  2 oozes
  An adder skeleton (D:6)
  2 adder zombies
  6 giant geckos
  95 orcs
  2 ball pythons
  2 giant cockroaches
  5 goblins
  5 hobgoblins
  19 jackals
  4 bats
  A giant gecko skeleton (D:6)
  7 giant newts
  A jackal zombie (D:6)
  6 kobolds
  8 quokkas
  4 rats (D:1)
377 creatures vanquished.

Vanquished Creatures (collateral kills)
  A centaur skeleton (D:10)
  An ogre (D:10)
  A quokka (D:10)
3 creatures vanquished.

Vanquished Creatures (others)
  2 orcs (Orc:3)
2 creatures vanquished.

Grand Total: 382 creatures vanquished

Notes
Turn   | Place    | Note
--------------------------------------------------------------
     0 | D:1      | DarkTechnomancer the Deep Dwarf Fighter began the quest for the Orb.
     0 | D:1      | Reached XP level 1. HP: 20/20 MP: 1/1
   248 | D:1      | Reached XP level 2. HP: 16/27 MP: 2/2
   251 | D:1      | Reached skill level 1 in Evocations
   479 | D:1      | Reached XP level 3. HP: 19/34 MP: 3/3
   865 | D:2      | Found a faded altar to an unknown god.
  1060 | D:2      | Noticed Terence
  1088 | D:2      | Killed Terence
  1088 | D:2      | Reached XP level 4. HP: 16/42 MP: 5/5
  1532 | D:3      | Noticed Grinder
  1536 | D:3      | Paralysed by Grinder for 5 turns
  1575 | D:3      | Killed Grinder
  1575 | D:3      | Reached skill level 4 in Fighting
  1575 | D:3      | Reached XP level 5. HP: 38/50 MP: 6/6
  1575 | D:3      | Reached XP level 6. HP: 43/57 MP: 7/7
  2331 | D:4      | Found a staircase to the Ecumenical Temple.
  2341 | Temple   | Entered the Ecumenical Temple
  2728 | D:4      | Reached skill level 5 in Armour
  3007 | D:4      | Reached XP level 7. HP: 25/66 MP: 9/9
  3285 | D:5      | Entered Level 5 of the Dungeon
  3402 | D:5      | Reached skill level 5 in Axes
  3591 | D:5      | Reached skill level 5 in Fighting
  3805 | D:5      | Noticed Duvessa
  3806 | D:5      | Noticed Dowan
  3825 | D:5      | Killed Duvessa
  3825 | D:5      | Reached skill level 6 in Armour
  3833 | D:5      | Killed Dowan
  3912 | D:5      | Reached XP level 8. HP: 48/74 MP: 10/10
  4308 | Temple   | Became a worshipper of Trog the Wrathful
  4541 | D:6      | Reached skill level 7 in Armour
  4541 | D:6      | Reached skill level 5 in Evocations
  4593 | D:6      | Found a shimmering altar of Xom.
  5297 | D:7      | Gained mutation: You passively map the area around you. [Deep Dwarf growth]
  5297 | D:7      | Reached XP level 9. HP: 43/84 MP: 11/11
  5326 | D:7      | Noticed Menkaure
  5339 | D:7      | Killed Menkaure
  5360 | D:7      | Reached * piety under Trog
  5502 | D:7      | Found an ancient bone altar of Kikubaaqudgha.
  5504 | D:7      | Found a blossoming altar of Fedhas.
  5639 | D:7      | Noticed Pikel
  5657 | D:7      | Killed Pikel
  5657 | D:7      | Reached skill level 8 in Armour
  5672 | D:7      | Found a shattered altar of Ashenzari.
  5672 | D:7      | Found a burning altar of Makhleb.
  5771 | D:8      | Found a white marble altar of Elyvilon.
  5787 | D:8      | Found Uguith's Armour Shop.
  5876 | D:8      | Found a staircase to the Lair.
  5919 | D:8      | Found a sacrificial altar of Ru.
  6328 | D:8      | Reached ** piety under Trog
  6328 | D:8      | Reached skill level 9 in Armour
  6346 | D:8      | Reached XP level 10. HP: 47/96 MP: 13/13
  6397 | D:8      | Found a sparkling altar of Nemelex Xobeh.
  6679 | Lair:1   | Entered Level 1 of the Lair of Beasts
  7773 | D:9      | Reached *** piety under Trog
  7844 | D:9      | Found a glowing golden altar of the Shining One.
  7844 | D:9      | Found a white marble altar of Elyvilon.
  7844 | D:9      | Found a glowing silver altar of Zin.
  8020 | D:9      | Reached skill level 10 in Armour
  8156 | D:9      | Found a shimmering altar of Xom.
  8156 | D:9      | Found a shimmering altar of Xom.
  8187 | D:9      | Found a shimmering altar of Xom.
  8187 | D:9      | Found a shimmering altar of Xom.
  8187 | D:9      | Found a shimmering altar of Xom.
  8188 | D:9      | Found a shimmering altar of Xom.
  8188 | D:9      | Found a shimmering altar of Xom.
  8189 | D:9      | Found a shimmering altar of Xom.
  8434 | D:9      | Noticed a ghost crab
  8478 | D:9      | Noticed a fire crab
  8613 | D:10     | Entered Level 10 of the Dungeon
  8627 | D:10     | Reached skill level 10 in Axes
  8690 | D:10     | Noticed a hill giant
  8700 | D:10     | Killed a hill giant
  8770 | D:10     | Reached XP level 11. HP: 52/104 MP: 11/11
  8838 | D:10     | Reached **** piety under Trog
  8910 | D:10     | Noticed a hill giant
  8923 | D:10     | Killed a hill giant
  9053 | D:10     | Noticed a hill giant
  9085 | D:10     | Killed a hill giant
  9357 | D:10     | Killed an unseen horror
  9419 | D:10     | Found a staircase to the Orcish Mines.
  9431 | D:10     | Noticed a rakshasa
  9449 | D:10     | Killed a rakshasa
  9449 | D:10     | Reached skill level 11 in Axes
  9449 | D:10     | Received a gift from Trog
  9512 | Orc:1    | Entered Level 1 of the Orcish Mines
  9512 | Orc:1    | Found Qutoppoxt's Weapon Emporium.
  9594 | Orc:1    | Noticed Fannar
  9632 | Orc:1    | Killed Fannar
  9718 | Orc:1    | Noticed Nergalle
  9768 | Orc:1    | Killed Nergalle
  9839 | Orc:1    | Found Ubougo's Book Shoppe.
  9940 | Orc:2    | Noticed Sonja
 10336 | Orc:2    | Found an iron altar of Okawaru.
 10402 | Orc:3    | Found Runoox's Gadget Boutique.
 10466 | Orc:3    | Found a staircase to the Elven Halls.
 10512 | Orc:3    | Noticed Rupert
 10558 | Orc:3    | Killed Rupert
 10558 | Orc:3    | Reached skill level 10 in Fighting
 10558 | Orc:3    | Reached XP level 12. HP: 54/116 MP: 9/9
 10600 | Orc:3    | Found a roughly hewn altar of Beogh.
 10654 | Orc:3    | Noticed Donald
 10673 | Orc:3    | Killed Donald
 10673 | Orc:3    | Reached skill level 10 in Evocations
 10893 | Orc:3    | Noticed Harold
 10918 | Orc:3    | Killed Harold
 10918 | Orc:3    | Reached skill level 12 in Axes
 11248 | D:8      | Bought a +2 crystal plate armour for 1196 gold pieces
 11258 | D:8      | Upgraded the game from 0.17-b1-15-g0f5fb43 to 0.17-b1-16-g38e0902
 11421 | Orc:2    | Cast into the Abyss (Sonja)
 11610 | Abyss:1  | Noticed a starcursed mass
 11625 | Abyss:1  | Killed a starcursed mass
 11639 | Abyss:1  | Killed a starcursed mass
 11640 | Abyss:1  | Killed a starcursed mass
 11641 | Abyss:1  | Killed a starcursed mass
 11643 | Abyss:1  | Killed a starcursed mass
 11651 | Abyss:1  | Killed a starcursed mass
 11676 | Abyss:1  | Noticed an eidolon
 11697 | Abyss:1  | Killed an eidolon
 11765 | Abyss:1  | Noticed a green death
 11773 | Abyss:1  | Quit the game

Action                   |  1- 3 |  4- 6 |  7- 9 | 10-12 || total
-------------------------+-------+-------+-------+-------++-------
Melee: War axe           |    43 |     1 |       |   199 ||   243
       Hand axe          |    45 |   139 |   467 |   715 ||  1366
Throw: Throwing net      |       |       |       |     1 ||     1
Invok: Berserk           |       |       |     1 |    20 ||    21
       Trog's Hand       |       |       |     1 |    11 ||    12
       Brothers in Arms  |       |       |       |     1 ||     1
 Abil: Device Recharging |       |       |     2 |     9 ||    11
Evoke: Wand              |       |     3 |    16 |    43 ||    62
  Use: Scroll            |       |       |    17 |    10 ||    27
       Potion            |       |       |     1 |     3 ||     4
  Eat: Bread ration      |       |     2 |     1 |     7 ||    10
       Chunk             |       |       |     6 |    17 ||    23
